 Dungeon Crawl Stone Soup version 0.29.1-15-g9cfb28693d (webtiles) character file.

Game seed: 14135369920339111540

135 BiteMe the Firebug (level 4, -3/30 HPs)
             Began as a Demonspawn Fire Elementalist on Feb 26, 2023.
             Killed from afar by an orc wizard (7 damage)
             ... with a magic dart
             ... on level 3 of the Dungeon.
             The game lasted 00:21:57 (3439 turns).

BiteMe the Firebug (Demonspawn Fire Elementalist)   Turns: 3439, Time: 00:21:58

Health: -3/30      AC:  3    Str: 10    XL:     4   Next: 97%
Magic:  1/8        EV: 12    Int: 19    God:
Gold:   153        SH:  0    Dex: 13    Spells: 6/9 levels left

rFire   . . .      SeeInvis .   s - +6 dagger "Maxevvur" {venom, +Blink rCorr Str+2}
rCold   . . .      Faith    .   (no shield)
rNeg    . . .      Spirit   .   a - +0 robe
rPois   .          Reflect  .   (no helmet)
rElec   .          Harm     .   (no cloak)
rCorr   +          Rampage  .   r - +0 pair of gloves
Will    .....                   (no boots)
Stlth   ++........              f - amulet of the acrobat
HPRegen 0.10/turn               (no ring)
MPRegen 0.11/turn               (no ring)

@: no status effects
A: demonic magic 1, weakness stinger 1
a: Evoke Blink


You were on level 3 of the Dungeon.
You visited 1 branch of the dungeon, and saw 3 of its levels.

You collected 153 gold pieces.

Inventory:

Hand Weapons
 e - a +0 club
 g - a +0 short sword
 m - a +0 whip
 n - a +0 war axe
 s - the +6 dagger "Maxevvur" (weapon) {venom, +Blink rCorr Str+2}
   (You found it on level 3 of the Dungeon)

   It poisons the flesh of those it strikes.
   Str:       It affects your strength (+2).
   +Blink:    It lets you blink.
   rCorr:     It protects you from acid and corrosion.
Armour
 a - a +0 robe (worn)
 r - a +0 pair of gloves (worn)
Magical Staves
 h - a staff of death
Jewellery
 f - an amulet of the acrobat (around neck)
Wands
 u - a wand of acid (11)
Scrolls
 c - 4 scrolls of enchant weapon {unknown}
 d - a scroll of poison {unknown}
 i - a scroll of brand weapon {unknown}
 j - a scroll of silence {unknown}
 l - a scroll of immolation {unknown}
 p - a scroll of vulnerability {unknown}
 t - a scroll of teleportation {unknown}
 v - a scroll of identify
Potions
 b - a potion of magic
 k - a potion of curing
 o - a potion of ambrosia
 q - a potion of might
 w - a potion of heal wounds {unknown}


   Skills:
 + Level 0.1 Fighting
 + Level 0.1 Short Blades
 + Level 2.2 Dodging
 - Level 2.2 Stealth
 + Level 3.2 Spellcasting
 + Level 2.3 Conjurations
 + Level 3.4 Fire Magic


You had 6 spell levels left.
You knew the following spells:

 Your Spells              Type           Power      Damage    Failure   Level
a - Foxfire               Conj/Fire      52%        2x1d6     4%          1
b - Scorch                Fire           32%        2d7       5%          2

Your spell library contained the following spells:

 Spells                   Type           Power      Damage    Failure   Level
 Magic Dart               Conj           44%        1d5       6%          1
 Searing Ray              Conj           22%        2d5       9%          2
 Conjure Flame            Conj/Fire      13%        6-21      14%         3
 Inner Flame              Hex/Fire       9%         N/A       22%         3
 Flame Wave               Conj/Fire      13%        2d6       41%         4
 Fulminant Prism          Conj/Hex       3%         3d6       67%         4


Dungeon Overview and Level Annotations

Branches:
Dungeon (3/15)

Altars:


Innate Abilities, Weirdness & Mutations

Spells you cast may paralyse adjacent enemies.
You have a small tail.


Message History

Casting: Foxfire (safe; 4% risk of failure)
Press: ? - help, Q - select action, (/) - cycle Dir - look around, f - activate You conjure some foxfire!
Malevolent energies surge around you.
The foxfire hits something. x2
Casting: Foxfire (safe; 4% risk of failure)
Press: ? - help, Q - select action, (/) - cycle Dir - look around, f - activate You conjure some foxfire!
Malevolent energies surge around you.
You hear some strange, mumbled words.
Something tries to affect you, but you resist.
The foxfire hits something.
The foxfire hits something but does no damage.
You don't have enough magic to cast this spell.
You don't have enough magic to cast this spell.
Something barely misses you.
A magic dart appears from out of thin air!
The magic dart hits you.
* * * LOW HITPOINT WARNING * * *
Casting: Foxfire (safe; 4% risk of failure)
Press: ? - help, Q - select action, (/) - cycle Dir - look around, f - activate You conjure some foxfire!
Malevolent energies surge around you.
An orc wizard appears from thin air!
Reactivating autopickup.
An orc wizard comes into view. It is wielding a +0 dagger.
The foxfire hits the orc wizard.
The orc wizard is lightly wounded.
An orc wizard comes into view. It is wielding a +0 dagger.
You hit the orc wizard.
The orc wizard is poisoned.
The orc wizard is lightly wounded.
The foxfire hits the orc wizard but does no damage.
The orc wizard is lightly wounded.
You closely miss the orc wizard.
The orc wizard is lightly wounded.
The orc wizard hits you with a +0 dagger.
* * * LOW HITPOINT WARNING * * *
You hit the orc wizard.
The orc wizard looks as sick as possible!
The orc wizard is heavily wounded.
The orc wizard points at you and mumbles some strange words.
The magic dart hits you!
You die...

####.#.....>#####.#
#.#......# #.#
#.#..##..#####.#
########.#..........#.#
#............#..###.#.#
##.#####.....##..# #.#.#
...# #..........###.#.#
#### ##....####.......#
##.#....o@####.##
#.######## #.# #.# #.#
##+## ####.#### ##...##
#....<..# # ##.....##
#.##.##.# ## ##.......##
#..#.##.#
.####.........####.....#.#
....'.......).'........#.#


You could see an orc wizard (extremely poisoned).

Vanquished Creatures
  An orc priest (D:3)
  An orc wizard (D:3)
  4 adders
  A worm (D:3)
  A dart slug (D:1)
  3 orcs (D:3)
  3 bats
  2 endoplasms
  2 giant cockroaches
  3 goblins
  3 hobgoblins
  2 quokkas
  4 ball pythons
  2 frilled lizards
  5 kobolds (D:1)
  4 rats
41 creatures vanquished.

Vanquished Creatures (others)
  108 foxfires
108 creatures vanquished.

Grand Total: 149 creatures vanquished

Notes
Turn   | Place    | Note
-------+----------+-------------------------------------------
     0 | D:1      | BiteMe the Demonspawn Fire Elementalist began the quest for
                  | the Orb.
     0 | D:1      | Reached XP level 1. HP: 13/13 MP: 3/3
   719 | D:1      | Gained mutation: You have a small tail. [demonic ancestry]
   719 | D:1      | Reached XP level 2. HP: 19/19 MP: 1/5
  1744 | D:1      | Found a faded altar of an unknown god.
  1918 | D:2      | Reached XP level 3. HP: 21/24 MP: 3/6
  2391 | D:2      | Learned a level 2 spell: Scorch
  2800 | D:3      | Identified the +6 dagger "Maxevvur" {venom, +Blink rCorr
                  | Str+2}
  2887 | D:3      | Gained mutation: Spells you cast may paralyse adjacent
                  | enemies. [demonic ancestry]
  2887 | D:3      | Reached XP level 4. HP: 30/30 MP: 5/8
  3439 | D:3      | Killed from afar by an orc wizard

Illustrated notes

Levels and vault maps discovered:
D:1:      minmay_arrival_split_and_join, layout_loops_ring,
          shapermc_ecumenical_altar_mp_vishouse, minmay_split_cup_small
D:2:      layout_loops_ring, minmay_increasing_density
D:3:      layout_loops_corners, chequers_serial_rivers_micro_e, uniq_grinder

Skill      XL: |  1  2  3  4 |
---------------+-------------+-----
Stealth        | 2 |  2.2
Dodging        | 2 |  2.2
Fire Magic     | 3 |  3.4
Conjurations   | 2 |  2.3
Spellcasting   | 3 |  3.2
Fighting       | |  0.1
Short Blades   | |  0.1

Action                   |  1- 3 |  4- 6 || total
-------------------------+-------+-------++-------
Melee: Short sword       |     8 |       ||     8
       Club              |     2 |       ||     2
       Tailslap          |     2 |       ||     2
       Dagger            |     3 |     6 ||     9
 Cast: Foxfire           |    46 |    19 ||    65
       Scorch            |       |     2 ||     2
  Use: Scroll            |     3 |       ||     3
       Potion            |       |     2 ||     2
 Stab: Sleeping          |       |     1 ||     1
Armor: Robe              |     3 |     2 ||     5
Dodge: Dodged            |    16 |     8 ||    24
